 Dungeon Crawl Stone Soup version 0.24-a0-10-gb84795d (webtiles) character file.

Game seed: 18113777786348489636

255 ohad the Chopper (level 6, -1/47 HPs)
             Began as a Formicid Fighter on Jan 31, 2019.
             Killed by divine providence
             ... invoked by an orc priest
              (14 damage)
             ... on level 4 of the Dungeon.
             The game lasted 00:09:14 (3308 turns).

ohad the Chopper (Formicid Fighter)                 Turns: 3308, Time: 00:09:14

Health: -1/47      AC:  8    Str: 20    XL:     6   Next: 38%
Magic:  6/6        EV:  7    Int:  8    God:
Gold:   162        SH:  9    Dex: 12    Spells: 5/5 levels left

rFire    . . .     SeeInvis +   h - +2 hand axe (flame)
rCold    . . .     Gourm    .   c - +0 shield
rNeg     . . .     Faith    .   b - +0 scale mail
rPois    .         Spirit   .   (helmet unavailable)
rElec    .         Reflect  .   (no cloak)
rCorr    .         Harm     .   (no gloves)
MR       .....                  s - +0 pair of boots
Stlth    ..........             (no amulet)
HPRegen  0.15/turn              (no ring)
MPRegen  0.10/turn              (no ring)

@: no status effects
A: permanent stasis, dig shafts and tunnels, four strong arms, antennae 3
a: Dig, Shaft Self


You were on level 4 of the Dungeon.
You were not hungry.

You visited 1 branch of the dungeon, and saw 4 of its levels.
You also visited: Sewer.

You collected 162 gold pieces.

Inventory:

Hand Weapons
 a - a +0 war axe
 h - a +2 hand axe of flaming (weapon)
 q - a +2 hand axe of freezing
 t - a +1 dagger of venom
Armour
 b - a +0 scale mail (worn)
 c - a +0 shield (worn)
 r - a +0 chain mail
 s - a +0 pair of boots (worn)
Jewellery
 e - an uncursed ring of ice {unknown}
 k - a cursed ring of attention {unknown}
Wands
 w - a wand of random effects (9)
Scrolls
 g - 6 scrolls of identify
 j - a scroll of blinking {unknown}
 l - 4 scrolls of fog
 n - 2 scrolls of fear {unknown}
 v - a scroll of remove curse
Potions
 d - a potion of might
 i - 4 potions of flight
 m - a potion of curing {unknown}
 o - 2 potions of lignification {unknown}
 p - 3 potions of invisibility {unknown}
 x - a potion of cancellation {unknown}
Comestibles
 f - 5 rations


   Skills:
 - Level 3.2 Fighting
 + Level 6.3 Axes
 - Level 3.2 Armour
 - Level 3.6 Shields


You had 5 spell levels left.
You didn't know any spells.
Your spell library contained the following spells:

 Spells                   Type           Power        Failure   Level  Hunger
 Confusing Touch          Hex            #.....       98%         1    ##.....
 Confuse                  Hex            #.......     100%        3    ####...
 Gell's Gravitas          Tloc           #.........   100%        3    ####...
 Petrify                  Tmut/Erth      #.......     100%        4    #####..
 Metabolic Englaciation   Hex/Ice        #.........   100%        5    ######.
 Yara's Violent Unravell  Hex/Tmut       #.........   100%        5    ######.


Dungeon Overview and Level Annotations

Branches:
Dungeon (4/15)
 Temple: D:4-7

Altars:


Innate Abilities, Weirdness & Mutations

You cannot be hasted, slowed, berserked, paralysed or teleported.
You can dig through walls and to a lower floor.
Your four strong arms can wield two-handed weapons with a shield.
You have a pair of large antennae on your head. (SInv)


Message History

You hit the orc wizard. You burn the orc wizard.
The orc wizard is lightly wounded.
The orc wizard hits you but does no damage.
The orc priest calls down the wrath of Beogh upon you.
Beogh smites you!
The orc wizard hits you but does no damage.
You barely miss the orc wizard.
The orc wizard is lightly wounded.
You block the orc wizard's attack.
The orc priest mumbles some strange prayers to Beogh against you.
Beogh smites you!
An orc wizard comes into view. It is wielding a +0 dagger.
You hear a shout!
The orc wizard shouts!
The orc wizard gestures at you while chanting.
The puff of flame hits you.
* * * LOW HITPOINT WARNING * * *
The orc priest invokes the aid of Beogh against you.
Beogh smites you!
You die...

,**********,,,,** ***,,,* ***#..
,*************** ***** *,,+..
,,,,,,,,,* ####.. ,,,,,,,,,*
#..... ,,,,,,,,,*
#################...#. ,,,,,,,,,*
#...................## ,,,,,,,,,*
#.................)... ,,,,,,,,,*
#..................###
,,,,,,,,,**#...o@..(.....########
,,,,,,,....o........(..........##
*,,,,**..o..########.......######
*,,,,**....,* #......##≈≈≈≈≈
*,,,,**...,,* #......#≈#####
*,,,,**#.,,,* #......#.##≈≈≈
*,,,,* #,,,,* #......#≈#.###
*,,,,* *,,,,* #......#.##≈.#
*,,,,* ****** #......#≈#####


You could see an orc priest and 2 orc wizards.

Vanquished Creatures
  An orc wizard (D:3)
  Ijyb (D:3)
  Terence (D:3)
  5 adders
  2 river rats (D:4)
  4 worms
  7 leopard geckos
  12 orcs
  5 giant cockroaches
  4 goblins
  5 hobgoblins
  6 jackals
  A quokka (D:4)
  2 ball pythons
  15 bats
  7 frilled lizards
  6 kobolds
  6 rats
90 creatures vanquished.

Notes
Turn   | Place    | Note
-------+----------+-------------------------------------------
     0 | D:1      | ohad the Formicid Fighter began the quest for the Orb.
     0 | D:1      | Reached XP level 1. HP: 18/18 MP: 1/1
   229 | D:1      | Reached XP level 2. HP: 22/24 MP: 2/2
   417 | D:1      | Reached skill level 3 in Axes
   875 | D:2      | Reached XP level 3. HP: 14/29 MP: 3/3
  1389 | D:2      | Reached skill level 4 in Axes
  1389 | D:2      | Reached XP level 4. HP: 29/35 MP: 4/4
  1696 | D:3      | Noticed Terence
  1712 | D:3      | Killed Terence
  1835 | D:3      | Reached skill level 5 in Axes
  1835 | D:3      | Reached XP level 5. HP: 34/41 MP: 5/5
  2593 | D:3      | Noticed Ijyb
  2602 | D:3      | Killed Ijyb
  2602 | D:3      | Reached XP level 6. HP: 45/47 MP: 6/6
  2807 | D:4      | Reached skill level 6 in Axes
  2909 | D:4      | Found a glowing drain.
  2913 | Sewer    | Entered a sewer
  3308 | D:4      | Killed from afar by an orc priest

Vault maps used:
D:1:      giann_bridges, serial_bayou_pond_e, minmay_misc_feat_rows
D:3:      uniq_terence, uniq_ijyb
D:4:      gup_sewer_entry_spiral, first_ration, uniq_robin, uniq_grinder,
          uniq_crazy_yiuf_cottage
Sewer:    sewer_fruit_machine

Skill      XL: |  1  2  3  4  5  6 |
---------------+-------------------+-----
Axes           | 3 4 5 6 |  6.3
Fighting       | |  3.2
Armour         | |  3.2
Shields        | |  3.6

Action                   |  1- 3 |  4- 6 || total
-------------------------+-------+-------++-------
Melee: War axe           |    41 |    34 ||    75
       Hand axe          |    67 |   159 ||   226
  Use: Scroll            |     5 |     1 ||     6
  Eat: Chunk             |     2 |     6 ||     8
Armor: Scale mail        |    47 |    74 ||   121
Dodge: Dodged            |    36 |    51 ||    87
Block: Shield            |    66 |    87 ||   153

Table legend:
 A = Non-vault XP
 B = Vault XP
 C = Vault XP percentage of total XP
 D = Non-vault monster count
 E = Vault monster count
 F = Vault count percentage of total count
                 A         B        C        D         E       F
            +---------+---------+-------+---------+---------+-------
      Total |     215 |     150 |  41.1 |      65 |      25 |  27.8
            +---------+---------+-------+---------+---------+-------
        D:1 |      27 |       0 |   0.0 |      16 |       0 |   0.0
        D:2 |      52 |       0 |   0.0 |      14 |       0 |   0.0
        D:3 |     121 |      72 |  37.3 |      29 |       2 |   6.5
        D:4 |      15 |      51 |  77.3 |       6 |       7 |  53.8
      Sewer |       0 |      27 | 100.0 |       0 |      16 | 100.0
            +---------+---------+-------+---------+---------+-------
